Map: Dusk Towers

Players

pixelcrasher - Winner!

  • Race: Zerg Zerg
  • League: Platinum

LilDicky

  • Race: Terran Terran
  • League: Diamond

VOD

http://www.twitch.tv/tumescentpie

Description

Time

  • Played on: Dec. 3, 2015, 2:07 p.m.
  • Length: 15:02
Show
View Real Time Build Order
Export as new Build Order

pixelcrasher Zerg - Winner!

Build Orders: Hatch First 

Get SALT Encoding   

  12  0:01  Drone  
  13  0:12  Overlord  
  13  0:19  Drone  
  14  0:30  Drone x2  
  14  0:34  Drone  
  17  0:52  Drone  
  18  0:57  Hatchery  
  18  1:00  Drone  
  18  1:13  Spawning Pool  
  17  1:20  Drone x2  
  17  1:23  Extractor  
  18  1:29  Overlord  
  18  1:39  Drone  
  19  1:49  Drone  
  20  2:00  Queen  
  22  2:01  Zergling x2  
  23  2:09  Drone, Queen  
  23  2:14  Drone  
  27  2:24  Metabolic Boost  
  27  2:25  Drone x2  
  29  2:31  Drone  
  29  2:35  Overlord  
  30  3:06  Drone x6  
  36  3:13  Hatchery  
  36  3:15  Drone x3  
  38  3:23  Roach Warren  
  38  3:24  Drone x2  
  39  3:28  Overlord  
  39  3:43  Drone x5  
  39  3:45  Overlord, Extractor  
  39  3:46  Extractor  
  39  3:48  Drone  
  43  3:59  Overlord  
  45  4:02  Roach  
  45  4:03  Roach x3  
  51  4:15  Evolution Chamber x2  
  51  4:17  Drone x5  
  54  4:31  Queen  
  54  4:33  Drone x6  
  54  4:37  Drone  
  54  4:38  Lair  
  63  4:41  Zerg Ground Armor Level 1  
  63  4:44  Drone  
  63  4:45  Drone  
  64  4:56  Zerg Melee Weapons Level 1  
  64  4:58  Drone x6  
  70  5:01  Overlord  
  70  5:04  Overlord  
  70  5:06  Ravager  
  71  5:08  Ravager  
  72  5:15  Drone x2  
  72  5:16  Extractor  
  72  5:17  Drone  
  72  5:18  Overlord  
  74  5:21  Ravager  
  74  5:24  Zergling x12  
  74  5:28  Ravager  
  82  5:30  Zergling x6  
  85  5:39  Glial Reconstitution  
  85  5:41  Drone x5  
  90  5:50  Zergling x6  
  90  5:53  Drone  
  90  5:55  Hatchery  
  93  5:57  Extractor  
  93  5:58  Extractor  
  91  6:09  Overlord x2  
  91  6:10  Overlord  
  91  6:20  Infestation Pit  
  91  6:22  Overlord x2  
  90  6:29  Drone x8  
  98  6:36  Roach x2  
  102  6:41  Zerg Ground Armor Level 2  
  101  6:51  Roach x2  
  101  6:53  Roach, Zergling x2  
  103  7:02  Spore Crawler  
  103  7:05  Spore Crawler  
  92  7:34  Zerg Melee Weapons Level 2  
  92  7:36  Drone x12  
  104  7:37  Queen  
  104  7:43  Baneling Nest  
  104  7:44  Hive  
  105  7:49  Ravager x3  
  108  7:52  Roach x3  
  108  7:54  Zergling x6  
  117  7:59  Hatchery  
  117  8:02  Spore Crawler  
  115  8:06  Queen  
  115  8:09  Overlord  
  115  8:10  Overlord x3  
  117  8:22  Zergling x18  
  117  8:25  Extractor  
  116  9:08  Zergling x36  
  134  9:14  Zerg Ground Armor Level 3  
  134  9:15  Ultralisk Cavern  
  134  9:17  Adrenal Glands  
  133  9:18  Zergling x2  
  133  9:19  Zergling x8  
  133  9:21  Ravager x3  
  91  9:53  Roach x2  
  91  9:54  Roach x3, Zergling x22  
  91  9:55  Zergling x6  
  91  9:57  Overseer x2  
  115  10:04  Chitinous Plating, Extractor  
  114  10:09  Ultralisk x6  
  150  10:14  Baneling x2  
  150  10:15  Centrifical Hooks, Baneling x2  
  150  10:19  Ravager x2  
  149  10:40  Ultralisk x3, Zergling x2  
  149  10:41  Zergling x16  
  173  10:43  Overlord x4  
  167  11:13  Ultralisk x3  
  167  11:15  Zergling x2  
  167  11:16  Zergling x22  
  184  11:42  Ultralisk x2  
  179  12:07  Ultralisk  
  179  12:08  Ultralisk  
  185  12:09  Overlord x5  
  185  12:13  Spire  
  177  13:34  Mutalisk  
  177  13:35  Mutalisk x10  
Show
View Real Time Build Order
Export as new Build Order

LilDicky Terran 

Build Orders: Reaper Expand, Bio Tank 

Get SALT Encoding   

  12  0:02  SCV  
  13  0:14  SCV  
  14  0:18  Supply Depot  
  14  0:26  SCV  
  15  0:32  Refinery  
  15  0:39  SCV  
  16  0:45  Barracks  
  16  0:52  SCV  
  17  1:04  SCV  
  18  1:16  SCV  
  19  1:37  Reaper  
  19  1:39  Orbital Command  
  20  1:44  Command Center  
  20  1:59  Factory  
  20  2:05  SCV, Refinery  
  21  2:12  Supply Depot, Barracks Tech Lab  
  21  2:17  SCV  
  22  2:29  SCV  
  23  2:34  Marine  
  24  2:41  SCV  
  25  2:54  SCV  
  25  3:06  Command Center, Orbital Command  
  25  3:10  Barracks Reactor  
  28  3:12  Siege Tank  
  28  3:15  Barracks Reactor  
  28  3:18  SCV  
  29  3:31  SCV  
  29  3:33  SCV  
  31  3:40  Supply Depot  
  31  3:43  SCV  
  31  3:45  Siege Tank  
  35  3:52  Marine  
  35  3:53  Marine  
  35  3:55  SCV  
  38  3:56  Starport  
  38  4:00  SCV  
  39  4:07  SCV  
  40  4:10  Marine x2  
  40  4:12  SCV  
  46  4:17  Siege Tank, Liberator  
  46  4:20  Orbital Command  
  46  4:34  Barracks  
  46  4:36  Barracks  
  49  4:52  Orbital Command  
  49  4:56  Siege Tank, Marine  
  49  4:57  Marine  
  54  5:01  SCV  
  54  5:02  SCV  
  56  5:07  Supply Depot  
  56  5:12  Engineering Bay  
  56  5:13  SCV, Engineering Bay  
  57  5:14  SCV  
  57  5:16  Refinery x2  
  57  5:18  SCV  
  61  5:26  Barracks Tech Lab x2  
  59  5:35  Barracks Reactor  
  59  5:39  SCV  
  59  5:40  Supply Depot  
  59  5:42  Siege Tank  
  63  5:45  SCV  
  63  5:47  Refinery  
  64  5:52  SCV  
  65  6:10  Combat Shields, Stimpack  
  65  6:11  Marine x3  
  65  6:12  Marine  
  65  6:13  SCV  
  65  6:14  Terran Infantry Weapons Level 1  
  70  6:19  Barracks  
  70  6:20  SCV x2, Barracks  
  70  6:23  Command Center, Barracks  
  70  6:25  SCV  
  73  6:28  Siege Tank  
  73  6:29  Marine  
  73  6:31  Refinery  
  73  6:32  SCV  
  78  6:33  Marine x3  
  78  6:34  SCV  
  82  6:40  Liberator  
  82  6:45  SCV x2  
  82  6:46  Marine  
  85  6:57  Marine x3  
  91  7:02  Supply Depot x2  
  91  7:03  Supply Depot  
  91  7:04  Marine  
  91  7:05  Marine  
  91  7:06  Liberator  
  93  7:19  Barracks Tech Lab  
  93  7:20  Supply Depot, Barracks Tech Lab  
  93  7:23  SCV x2, Marine  
  93  7:24  Marauder, Marine  
  93  7:25  Supply Depot  
  93  7:26  Marine  
  93  7:27  Supply Depot  
  93  7:28  SCV  
  104  7:34  Terran Infantry Armor Level 1  
  104  7:35  SCV  
  104  7:36  Armory  
  105  7:38  Marine  
  105  7:39  Missile Turret  
  105  7:41  Marauder  
  108  7:46  Missile Turret  
  108  7:49  Missile Turret, Marine x3  
  111  8:04  Missile Turret, Liberator  
  111  8:05  Missile Turret, Marine x2  
  111  8:08  Missile Turret  
  111  8:10  Missile Turret  
  111  8:12  Missile Turret  
  113  8:14  SCV  
  113  8:16  Marine  
  113  8:17  Missile Turret  
  115  8:24  SCV  
  110  9:07  Marine x2  
  110  9:08  Marauder  
  114  9:23  Siege Tank  
  117  9:24  Marine x3  
  117  9:25  Marine x2  
  117  9:29  Marauder  
  119  9:43  Marauder  
  119  9:45  Marine x2  
  93  9:46  Marauder x2  
  93  9:47  Marine  
  93  9:51  Marauder  
  91  9:57  Terran Infantry Weapons Level 2, Terran Infantry Armor Level 2  
  91  10:02  Barracks  
  91  10:03  Marine x2  
  91  10:04  Barracks, Marauder  
  91  10:05  Marine  
  91  10:06  SCV  
  97  10:07  Marauder, Barracks, Marine  
  97  10:08  Barracks  
  97  10:09  Siege Tank  
  97  10:10  Command Center  
  97  10:12  Marauder  
  97  10:14  Medivac x2  
  107  10:20  Marine  
  107  10:21  Marine  
  111  10:23  Marine  
  111  10:25  Marauder  
  111  10:40  Marine  
  111  10:41  Siege Tank, Marine x5  
  117  10:45  SCV x2  
  117  10:46  SCV  
  117  10:47  Marauder  
  117  10:48  Liberator  
  117  10:49  Liberator  
  122  10:50  Marine  
  122  10:51  Marine  
  125  10:57  SCV x2  
  125  10:59  Marauder x2  
  115  11:13  Siege Tank, Marine x2  
  115  11:14  Marauder x2  
Tags
 
Add a new tag
Caveats
  • Supply blocks, unpowered buildings, or Contaminate may cause inaccurate times.
  • Supply counts are checked every 10 seconds.